Map: Dusk Towers

Players

Nerchio

  • Race: Zerg Zerg
  • League: Grandmaster

FireCake - Winner!

  • Race: Zerg Zerg

Event: DreamHack ROCCAT LotV Championship

VOD

Have the link to the VOD?

Description

Time

  • Played on: Nov. 27, 2015, 12:18 p.m.
  • Length: 9:32

All games in this series

Show
View Real Time Build Order
Export as new Build Order

Nerchio Zerg 

Build Orders: Hatch First, Zergling Baneling 

Get SALT Encoding   

  12  0:01  Drone  
  13  0:12  Overlord  
  13  0:17  Drone  
  14  0:30  Drone x2  
  14  0:34  Drone  
  17  0:52  Hatchery  
  17  0:54  Drone  
  17  0:57  Drone  
  17  1:04  Extractor  
  17  1:13  Spawning Pool  
  17  1:16  Drone  
  17  1:19  Drone  
  18  1:28  Drone  
  19  1:38  Overlord  
  19  2:00  Zergling x4, Queen  
  23  2:04  Metabolic Boost, Queen  
  23  2:08  Drone  
  26  2:11  Drone  
  27  2:16  Drone  
  27  2:21  Drone  
  29  2:27  Drone  
  30  2:33  Drone  
  31  2:40  Baneling Nest, Queen  
  31  2:41  Drone  
  33  2:45  Zergling x2  
  33  2:47  Zergling x2  
  35  2:53  Overlord  
  35  3:01  Zergling x2  
  36  3:13  Zergling x14  
  36  3:14  Zergling x2  
  43  3:23  Overlord  
  43  3:28  Zergling x2  
  43  3:31  Baneling x2  
  44  3:38  Baneling  
  44  3:39  Baneling x5  
  44  3:42  Zergling x6  
  44  3:44  Zergling x6  
  44  3:46  Baneling  
  50  3:49  Zergling x2  
  50  3:58  Zergling x4  
  51  4:05  Zergling x4  
  51  4:06  Zergling x2  
  45  4:11  Zergling x2, Baneling x2  
  45  4:12  Zergling x4  
  45  4:13  Zergling x2  
  49  4:21  Drone  
  47  4:24  Drone  
  47  4:27  Drone  
  48  4:35  Zergling x2  
  48  4:36  Baneling x2  
  47  4:44  Zergling x6  
  44  4:48  Hatchery  
  44  4:51  Zergling x4  
  44  4:52  Drone  
  40  4:53  Drone  
  40  4:56  Drone  
  40  4:58  Drone  
  43  5:03  Drone  
  44  5:09  Queen  
  44  5:11  Overlord  
  46  5:20  Spine Crawler, Zergling x4  
  46  5:22  Baneling x2  
  46  5:25  Zergling x2  
  46  5:26  Zergling x2  
  46  5:27  Zergling x2  
  49  5:30  Drone  
  49  5:31  Drone  
  49  5:32  Drone  
  49  5:35  Drone x2  
  54  5:38  Drone  
  55  5:44  Drone  
  52  5:51  Evolution Chamber, Extractor  
  52  5:52  Zergling x2  
  52  5:53  Zergling x2  
  52  5:55  Overlord  
  53  5:57  Zergling x4  
  53  5:58  Overlord  
  53  5:59  Drone  
  53  6:01  Drone  
  53  6:03  Drone  
  57  6:09  Drone x2  
  57  6:11  Drone  
  56  6:14  Roach Warren  
  56  6:16  Drone  
  53  6:19  Drone  
  53  6:21  Drone  
  53  6:23  Zerg Missile Weapons Level 1  
  53  6:24  Extractor  
  52  6:26  Drone x3  
  52  6:28  Extractor  
  52  6:29  Drone  
  52  6:30  Drone  
  55  6:35  Drone x2  
  55  6:37  Drone x2  
  57  6:45  Zergling x6  
  59  6:49  Lair  
  60  6:54  Drone x2  
  60  7:01  Roach x4  
  67  7:04  Roach  
  67  7:07  Roach  
  73  7:09  Roach  
  73  7:11  Drone  
  73  7:12  Drone  
  77  7:16  Drone  
  77  7:17  Drone x2  
  77  7:19  Extractor  
  79  7:24  Drone  
  79  7:27  Overlord x2  
  79  7:28  Roach  
  80  7:30  Overlord  
  80  7:36  Drone x2  
  82  7:39  Overlord x2  
  82  7:46  Ravager x5  
  82  7:48  Drone x6, Glial Reconstitution  
  92  7:51  Overseer  
  92  7:52  Extractor  
  91  8:02  Roach  
  91  8:03  Roach  
  91  8:04  Roach  
  97  8:06  Roach x4  
  97  8:07  Roach  
  97  8:09  Roach  
  97  8:10  Roach  
  113  8:12  Roach  
  113  8:14  Roach  
  113  8:16  Roach  
  113  8:18  Overlord  
  117  8:20  Overlord  
  117  8:36  Hatchery, Roach  
  117  8:37  Roach x2  
  117  8:38  Roach  
  117  8:41  Roach  
  125  8:42  Roach  
  125  8:44  Roach  
  125  8:47  Roach x2  
  133  8:50  Roach  
  133  8:54  Roach  
  133  8:55  Roach x2  
  132  8:56  Roach  
  132  8:59  Roach  
  122  9:02  Roach  
  122  9:03  Roach  
  122  9:05  Roach  
  122  9:08  Roach  
  122  9:09  Roach  
  116  9:11  Roach  
  116  9:13  Roach  
Show
View Real Time Build Order
Export as new Build Order

FireCake Zerg - Winner!

Build Orders: Hatch First, Zergling Baneling 

Get SALT Encoding   

  12  0:01  Drone  
  13  0:09  Drone  
  14  0:16  Overlord  
  14  0:23  Drone, Extractor  
  15  0:35  Drone x2  
  17  0:52  Hatchery  
  17  0:54  Drone  
  17  0:57  Drone  
  18  1:08  Extractor  
  17  1:12  Spawning Pool  
  17  1:14  Drone  
  17  1:18  Drone  
  18  1:26  Drone  
  19  1:39  Overlord  
  19  1:50  Drone  
  20  1:59  Drone, Queen  
  23  2:03  Queen  
  23  2:04  Drone  
  26  2:08  Metabolic Boost  
  26  2:22  Hatchery  
  26  2:25  Drone  
  26  2:30  Zergling x4  
  26  2:34  Zergling x2  
  26  2:35  Drone  
  30  2:38  Drone  
  31  2:45  Overlord  
  31  2:56  Drone  
  31  2:57  Drone  
  33  3:04  Baneling Nest  
  33  3:05  Drone  
  33  3:10  Drone x3  
  33  3:11  Drone x2  
  38  3:22  Spine Crawler, Zergling x8  
  41  3:31  Zergling x4  
  42  3:34  Queen  
  44  3:45  Zergling x10  
  49  3:48  Baneling x2  
  49  3:49  Baneling x4  
  49  3:51  Zergling x2  
  50  4:08  Zergling x2  
  50  4:09  Zergling x14  
  48  4:14  Baneling x2  
  47  4:33  Drone x3  
  47  4:34  Overlord x2  
  48  4:43  Zergling x8  
  43  4:57  Zergling x2  
  43  4:58  Zergling x14  
  51  5:04  Drone x2  
  53  5:13  Drone x5  
  58  5:16  Extractor x2  
  58  5:17  Baneling  
  58  5:18  Roach Warren, Baneling x2  
  58  5:21  Evolution Chamber  
  54  5:22  Drone x2  
  54  5:25  Drone  
  57  5:30  Overlord  
  57  5:34  Drone x6  
  62  5:45  Drone x5  
  63  5:55  Zergling x12  
  68  6:02  Zerg Missile Weapons Level 1  
  66  6:12  Roach  
  66  6:13  Roach x2  
  71  6:20  Overlord x2  
  70  6:27  Drone x4  
  70  6:31  Lair  
  74  6:35  Overlord x3  
  70  6:48  Drone  
  70  6:49  Drone x10  
  81  6:59  Overlord  
  81  7:00  Overlord  
  81  7:05  Roach  
  81  7:06  Roach x3  
  89  7:11  Hatchery  
  89  7:15  Extractor x2  
  87  7:18  Roach x3  
  87  7:22  Roach x8  
  108  7:36  Glial Reconstitution  
  107  7:38  Roach  
  107  7:39  Roach x6  
  121  7:49  Overlord  
  121  7:50  Overlord x2  
  121  7:52  Overlord x2  
  121  7:57  Roach x4  
  129  8:13  Roach x7  
  143  8:21  Roach x4  
  151  8:29  Roach x5  
  163  8:34  Roach x3  
  167  8:42  Roach x2  
  167  8:43  Roach x2  
  167  8:44  Overlord  
  168  8:56  Roach x3  
  168  9:01  Roach x5  
  168  9:06  Roach  
  168  9:07  Roach x3  
  161  9:10  Roach  
  161  9:11  Roach x2  

Tags
 
Add a new tag
Caveats
  • Supply blocks, unpowered buildings, or Contaminate may cause inaccurate times.
  • Supply counts are checked every 10 seconds.